 Dungeon Crawl Stone Soup version 0.29.1-4-g47bece8355 (webtiles) character file.

Game seed: 17077478773685792924

4554 tkbsonic5 the Digger (level 10, -8/114 HPs)
             Began as a Formicid Earth Elementalist on Nov 29, 2022.
             Was a Believer of Makhleb.
             Mangled by a komodo dragon (16 damage)
             ... on level 1 of the Lair of Beasts on Dec 10, 2022.
             The game lasted 00:41:43 (9600 turns).

tkbsonic5 the Digger (Formicid Earth Elementalist)  Turns: 9600, Time: 00:41:43

Health: -8/114     AC: 25    Str: 12    XL:     10   Next: 67%
Magic:  16/18      EV:  2    Int: 20    God:    Makhleb [**....]
Gold:   417        SH:  0    Dex: 17    Spells: 3/20 levels left

rFire   + . .      SeeInvis .   w - +2 war axe (venom)
rCold   . . .      Faith    .   d - +0 kite shield
rNeg    . . .      Spirit   .   (body armour currently unavailable)
rPois   +          Reflect  .   (helmet unavailable)
rElec   .          Harm     .   (cloak currently unavailable)
rCorr   .          Rampage  .   (gloves currently unavailable)
Will    +....                   (boots currently unavailable)
Stlth   +.........              (no amulet)
HPRegen 0.29/turn               n - ring "Fixoet" {Wiz rF+ Dex+3}
MPRegen 0.16/turn               i - ring of wizardry

@: confused, lethally poisoned (-8 -> -10), tree-form, ambrosia-drunk
A: stationary, stasis, torment immunity, boosted hp, permanent stasis, dig
shafts and tunnels, (antennae 3), four strong arms
a: Renounce Religion, Minor Destruction


You were on level 1 of the Lair of Beasts.
You worshipped Makhleb.
Makhleb was pleased with you.
You were a tree.
You visited 2 branches of the dungeon, and saw 9 of its levels.

You collected 417 gold pieces.

Inventory:

Hand Weapons
 p - a +2 flail of protection
 q - a +3 glaive
 r - a +3 halberd
 w - a +2 war axe of venom (weapon)
Missiles
 c - 4 atropa-tipped darts
 e - 15 poisoned darts
 h - 3 throwing nets
Armour
 d - a +0 kite shield (worn)
 l - a +1 ring mail (melded)
 x - a +0 pair of gloves (melded)
Magical Staves
 b - a staff of earth
Jewellery
 i - a ring of wizardry (right branch)
 n - the ring "Fixoet" (left branch) {Wiz rF+ Dex+3}
   (You found it on level 4 of the Dungeon)

   [ring of wizardry]

   It improves your spell success rate.
   Dex:       It affects your dexterity (+3).
   rF:        It protects you from fire.
 o - a +6 ring of strength
 B - a ring of positive energy
Wands
 j - a wand of mindburst (6)
 C - a wand of charming (15)
Scrolls
 v - a scroll of summoning
Potions
 a - a potion of brilliance
 k - a potion of lignification
 s - a potion of flight
 t - 2 potions of curing
 u - 2 potions of cancellation
 z - a potion of mutation


   Skills:
 * Level 5.9 Fighting
 * Level 5.3 Armour
 + Level 3.8 Dodging
 + Level 5.6 Stealth
 + Level 3.1 Shields
 * Level 5.8 Spellcasting
 * Level 4.7 Conjurations
 + Level 4.1 Hexes
 + Level 2.8 Necromancy
 + Level 4.0 Transmutations
 + Level 0.7 Air Magic
 * Level 7.4 Earth Magic
 + Level 1.0 Poison Magic


You had 3 spell levels left.
You knew the following spells:

 Your Spells              Type           Power      Damage    Failure   Level
a - Petrify               Tmut/Erth      28%        N/A       7%          4
b - Slow                  Hex            88%        N/A       1%          1
c - Stone Arrow           Conj/Erth      60%        3d10      1%          3
d - Confusing Touch       Hex            22%        N/A       4%          3
e - Vampiric Draining     Necr           17%        2d7       7%          3
f - Mephitic Cloud        Conj/Pois/Air  14%        N/A       9%          3

Your spell library contained the following spells:

 Spells                   Type           Power      Damage    Failure   Level
 Sandblast                Erth           70%        2d15      1%          1
 Passwall                 Tmut/Erth      23%        N/A       1%          2
 Static Discharge         Conj/Air       16%        3-5/arc   3%          2
 Ignite Poison            Fire/Tmut/Pois 12%        N/A       11%         3
 Dispel Undead            Necr           17%        3d10      21%         4
 Sticky Flame             Conj/Fire      15%        2d4       24%         4
 Summon Lightning Spire   Summ/Air       7%         N/A       45%         4
 Freezing Cloud           Conj/Ice/Air   6%         6-21      58%         5
 Storm Form               Tmut/Air       7%         N/A       100%        7
 Maxwell's Capacitive Co  Air            4%         ∞         100%        8


Dungeon Overview and Level Annotations

Branches:
Dungeon (8/15)             Temple (0/1) D:7            Lair (1/5) D:8

Altars:
Makhleb
Nemelex Xobeh

Shops:
D:1 *:(   D:4 [


Innate Abilities, Weirdness & Mutations

You are a tree.
Your roots penetrate the ground, keeping you stationary.
You cannot be teleported.
You are immune to unholy pain and torment.
Your maximum health is greatly increased.
Your equipment is partially melded.
You cannot be hasted, slowed, berserked, paralysed or teleported.
You can dig through walls and to a lower floor.
((You have a pair of large antennae on your head. (SInv)))
Your four strong arms can wield two-handed weapons with a shield.


Message History

The cane toad stings you!
You cannot move. (Use ctrl+direction or * direction to attack while stationary and confused.)
You nearly hit yourself!
You feel sick.
The cane toad stings you but does no damage.
An iguana comes into view.
The iguana bites you but does no damage.
The elephant is engulfed in poison gas.
The elephant looks as sick as possible!
The komodo dragon bites you.
The komodo dragon bites you but does no damage.
The cane toad stings you!
An elephant comes into view.
You cannot move. (Use ctrl+direction or * direction to attack while stationary and confused.)
You closely miss the cane toad.
The cane toad is moderately wounded.
You lop one of the eight-headed hydra's heads off!
The seven-headed hydra grows two more!
You hit the nine-headed hydra.
The nine-headed hydra is poisoned.
You hit the iguana.
The iguana is poisoned.
You hit the komodo dragon but do no damage.
The komodo dragon looks as sick as possible!
You barely miss the komodo dragon. You hit the yak.
You feel sick.
The iguana bites you but does no damage.
The elephant looks even sicker.
The nine-headed hydra bites you but does no damage.
The nine-headed hydra bites you!
* * * LOW HITPOINT WARNING * * *
The nine-headed hydra bites you but does no damage.
The nine-headed hydra completely misses you.
The nine-headed hydra bites you!
* * * LOW HITPOINT WARNING * * *
The nine-headed hydra bites you but does no damage.
The nine-headed hydra bites you.
* * * LOW HITPOINT WARNING * * *
The nine-headed hydra bites you.
* * * LOW HITPOINT WARNING * * *
The nine-headed hydra bites you but does no damage.
The komodo dragon bites you but does no damage.
The yak gores you.
* * * LOW HITPOINT WARNING * * *
The komodo dragon bites you!
You die...

,,,,.....P.PP.#.# *,,,,,,,,,,,,*
,,,,..........### *,,,,,,,,,,,**
**,,..........# ****,,,,,,,***
****......l.<.# *,,,,,,***,
,***..#...Yl..# ***,8,*,,*,
,,,,,,###..°Y### *+#+#,,,,
,,,,,.........l##########.#..,*,,
,,,,,#.##.#.#.YDlYY##.#§...#***,,
,,,,,.,,#####.Sl♣F§Y.Y....#* *,,,
,,,,,,,,* #..l.##.P°...## **,,
,,,,,,,{** *#.....###.....# *,,
,,,,,,,,,* #P....§.#....### **,
,,,,,,,,** #...§...#....# *,
,,,,,,,,* #°.....##.$.## *,
,,,,,,,,* #......#.....*** **
,,,,,,,,* #......#...S..,* *
,,,,,,,,* *,,,,,*.......,** *


You could see a nine-headed hydra (very poisoned), 3 elephants, 2 komodo
dragons, 4 yaks, a cane toad, a basilisk (very poisoned), a water moccasin and 3
iguanas.

Vanquished Creatures
  Pikel (D:6)
  2 komodo dragons (Lair:1)
  Grinder (D:4)
  Sigmund (D:5)
  A shadow (D:6)
  Eustachio (D:5)
  Duvessa (D:6)
  2 water moccasins (Lair:1)
  An orc warrior (D:8)
  2 black bears
  2 sky beasts
  3 ogres
  2 centaurs
  2 lemures (D:6)
  Blork the orc (D:5)
  2 kobold brigands
  2 gnoll sergeants (D:6)
  3 necrophages
  5 scorpions
  Dowan (D:6)
  5 orc priests
  2 gnoll boudas
  2 hounds
  3 iguanas
  2 jellies
  6 orc wizards
  23 gnolls
  7 adders
  An ufetubus (D:4)
  4 worms
  A dart slug (D:1)
  13 orcs
  8 endoplasms
  3 giant cockroaches
  9 goblins
  3 hobgoblins (D:2)
  3 jackals (D:3)
  16 kobolds
  9 quokkas
  2 training dummies (D:6)
  8 ball pythons
  3 bats (D:1)
  5 frilled lizards
  3 rats
177 creatures vanquished.

Vanquished Creatures (others)
  3 plants (Lair:1)
3 creatures vanquished.

Grand Total: 180 creatures vanquished

Notes
Turn   | Place    | Note
-------+----------+-------------------------------------------
     0 | D:1      | tkbsonic5 the Formicid Earth Elementalist began the quest
                  | for the Orb.
     0 | D:1      | Reached XP level 1. HP: 13/13 MP: 3/3
   282 | D:1      | Reached XP level 2. HP: 14/20 MP: 0/5
   297 | D:1      | Learned a level 1 spell: Slow
   372 | D:1      | Found Xasus's Book Boutique.
   519 | D:1      | Found Lietumer's Antique Weapon Shoppe.
   674 | D:1      | Reached skill level 1 in Fighting
   842 | D:1      | Found Gosch's General Store.
   942 | D:2      | Reached XP level 3. HP: 26/26 MP: 4/6
   948 | D:2      | Reached skill level 4 in Earth Magic
  1670 | D:2      | Reached XP level 4. HP: 33/33 MP: 5/7
  1840 | D:3      | Learned a level 3 spell: Stone Arrow
  1844 | D:3      | Learned a level 3 spell: Confusing Touch
  2153 | D:3      | Reached XP level 5. HP: 22/38 MP: 1/9
  3183 | D:4      | Reached skill level 1 in Conjurations
  3183 | D:4      | Reached skill level 1 in Hexes
  3183 | D:4      | Reached XP level 6. HP: 39/46 MP: 3/10
  3289 | D:4      | Reached skill level 1 in Armour
  3301 | D:4      | Identified the ring "Fixoet" {Wiz rF+ Dex+3}
  3377 | D:4      | Learned a level 4 spell: Petrify
  3441 | D:4      | Found a burning altar of Makhleb.
  3450 | D:4      | Became a worshipper of Makhleb the Destroyer
  3619 | D:4      | Found Jidiur's Antique Armour Shop.
  3848 | D:4      | Noticed an ogre
  3865 | D:4      | Killed an ogre
  3866 | D:4      | Reached skill level 5 in Earth Magic
  3866 | D:4      | Reached XP level 7. HP: 52/52 MP: 11/11
  3948 | D:5      | Entered Level 5 of the Dungeon
  4377 | D:5      | Reached XP level 8. HP: 44/58 MP: 0/13
  4480 | D:5      | Learned a level 3 spell: Vampiric Draining
  4885 | D:5      | Noticed Eustachio
  4896 | D:5      | Killed Eustachio
  5177 | D:5      | Identified a scroll of acquirement
  5178 | D:5      | Acquired a staff of earth
  5188 | D:5      | Noticed Sigmund
  5197 | D:5      | Killed Sigmund
  5197 | D:5      | Reached * piety under Makhleb
  5198 | D:5      | Reached skill level 1 in Necromancy
  5218 | D:5      | Noticed Grinder
  5299 | D:4      | Killed Grinder
  5300 | D:4      | Reached skill level 1 in Shields
  5300 | D:4      | Reached skill level 6 in Earth Magic
  5300 | D:4      | Reached XP level 9. HP: 41/65 MP: 2/15
  5716 | D:6      | Noticed Blork the orc
  5845 | D:5      | Killed Blork the orc
  6458 | D:6      | Learned a level 3 spell: Mephitic Cloud
  6686 | D:6      | Noticed Pikel
  6696 | D:6      | Killed Pikel
  6697 | D:6      | Reached skill level 5 in Fighting
  6697 | D:6      | Reached skill level 5 in Stealth
  6697 | D:6      | Reached skill level 5 in Spellcasting
  6944 | D:6      | Noticed Duvessa
  6944 | D:6      | Noticed Dowan
  6946 | D:6      | Killed Duvessa
  6949 | D:6      | Killed Dowan
  6950 | D:6      | Reached XP level 10. HP: 74/74 MP: 4/17
  7616 | D:6      | Reached ** piety under Makhleb
  7633 | D:6      | Reached skill level 7 in Earth Magic
  7874 | D:7      | Found a staircase to the Ecumenical Temple.
  8727 | D:8      | Reached skill level 5 in Armour
  9004 | D:8      | Found a sparkling altar of Nemelex Xobeh.
  9420 | D:8      | Noticed a death yak
  9421 | D:8      | Found a staircase to the Lair.
  9421 | D:8      | Noticed a death yak
  9452 | D:8      | Noticed a death yak
  9452 | D:8      | Noticed a death yak
  9452 | D:8      | Noticed a death yak
  9457 | Lair:1   | Entered Level 1 of the Lair of Beasts
  9458 | Lair:1   | Upgraded the game from 0.29.1-2-gbd0b4ee654 to
                  | 0.29.1-4-g47bece8355
  9578 | Lair:1   | Noticed a komodo dragon
  9581 | Lair:1   | Noticed a cane toad
  9583 | Lair:1   | Noticed a komodo dragon
  9585 | Lair:1   | Killed a komodo dragon
  9586 | Lair:1   | Noticed a komodo dragon
  9589 | Lair:1   | Noticed a komodo dragon
  9592 | Lair:1   | Noticed an elephant
  9593 | Lair:1   | Noticed an elephant
  9594 | Lair:1   | Noticed an eight-headed hydra
  9595 | Lair:1   | Killed a komodo dragon
  9595 | Lair:1   | Noticed an elephant
  9597 | Lair:1   | Reached skill level 1 in Poison Magic
  9600 | Lair:1   | Noticed an elephant
  9600 | Lair:1   | Mangled by a komodo dragon

Illustrated notes

Levels and vault maps discovered:
D:1:      psy_arrival_fountain, layout_loops_ring, serial_shops,
          nicolae_shop_trees, nicolae_shop_trees, shop,
          minmay_shallow_snake_nest
D:2:      layout_basic, grunt_decor_clamped
D:3:      layout_basic
D:4:      layout_gridville, mainiacjoe_overflow_chevrons, serial_shops,
          nicolae_square_shop, nicolae_figureground_sparkle
D:5:      layout_loops_cross, uniq_sigmund, uniq_grinder, uniq_eustachio
D:6:      dreamdust_elfheim, layout_basic, nrook_loot_triangle, uniq_pikel,
          uniq_blork_the_orc
D:7:      layout_cave_pods, minmay_temple_entry_large_hall, minmay_misc_feat_chi
D:8:      layout_loops_corners, nemelex_spade_bored_becter, dpeg_lair_monsters
Lair:1:   beast_lair_carwin_large_1, layout_cave_pods,
          chequers_serial_rivers_small_b, grunt_megastairs_5

Skill      XL: |  1  2  3  4  5  6  7  8  9 10 |
---------------+-------------------------------+-----
Fighting       | 1 2 3 4 5 |  5.9
Earth Magic    | 4 5 6 7 |  7.4
Dodging        | 2 3 |  3.8
Stealth        | 3 4 5 |  5.6
Conjurations   | 1 2 3 4 |  4.7
Hexes          | 1 2 3 4 |  4.1
Spellcasting   | 3 4 5 |  5.8
Armour         | 1 3 4 5 |  5.3
Transmutations | 2 3 4 |  4.0
Necromancy     | 1 2 |  2.8
Shields        | 1 2 3 |  3.1
Poison Magic   | 1 |  1.0
Air Magic      | |  0.7

Action                   |  1- 3 |  4- 6 |  7- 9 | 10-12 || total
-------------------------+-------+-------+-------+-------++-------
Melee: Mace              |     7 |       |       |       ||     7
       Glaive            |     7 |    18 |    38 |    37 ||   100
       Staff             |       |       |     4 |    21 ||    25
       Punch             |       |       |     1 |     1 ||     2
       War axe           |       |       |       |     6 ||     6
Throw: Dart              |       |    11 |       |       ||    11
 Cast: Sandblast         |    48 |    49 |       |       ||    97
       Slow              |       |     6 |     1 |       ||     7
       Stone Arrow       |       |     9 |    75 |    47 ||   131
       Mephitic Cloud    |       |       |     1 |     2 ||     3
       Confusing Touch   |       |       |     1 |     1 ||     2
       Petrify           |       |       |     1 |     1 ||     2
  Use: Scroll            |     2 |    12 |     6 |    11 ||    31
       Potion            |       |     3 |     7 |     4 ||    14
 Stab: Sleeping          |       |     1 |     2 |       ||     3
       Petrified         |       |       |     2 |     3 ||     5
       Confused          |       |       |     2 |       ||     2
       Petrifying        |       |       |       |     1 ||     1
Armor: Ring mail         |     2 |    14 |    18 |    10 ||    44
       Skin              |       |       |       |    31 ||    31
Dodge: Dodged            |    20 |    32 |    22 |    42 ||   116
Block: Kite shield       |       |       |       |    13 ||    13
